Map: 엔디온 잔해

Players

llllllllllll (Scarlett) - Winner!

  • Race: Zerg Zerg
  • League: Grandmaster

lllllllllll

  • Race: Protoss Protoss
  • League: Grandmaster

VOD

Have the link to the VOD?

Description

Time

  • Played on: April 14, 2016, 6:38 a.m.
  • Length: 4:56
Show
View Real Time Build Order
Export as new Build Order

llllllllllll Zerg - Winner!

Build Orders: Hatch First 

Get SALT Encoding   

  12  0:00  Drone  
  13  0:08  Drone  
  14  0:17  Overlord  
  14  0:23  Extractor, Drone  
  15  0:36  Drone x2  
  17  0:52  Hatchery  
  17  0:55  Drone  
  17  1:02  Extractor  
  16  1:10  Spawning Pool  
  15  1:14  Drone  
  15  1:17  Drone  
  17  1:19  Drone  
  18  1:27  Drone  
  19  1:37  Overlord  
  19  1:50  Drone  
  20  1:56  Queen  
  20  2:00  Zergling x2  
  23  2:02  Metabolic Boost  
  23  2:05  Queen  
  25  2:08  Zergling x2  
  25  2:14  Zergling x2  
  27  2:20  Zergling x2  
  28  2:27  Zergling x4  
  30  2:32  Queen  
  30  2:35  Overlord  
  32  2:37  Zergling x2  
  32  2:42  Zergling x2  
  34  2:51  Zergling x2  
  34  2:57  Zergling x2  
  35  3:05  Zergling x10  
  40  3:15  Zergling x2  
  40  3:16  Zergling x4  
  42  3:30  Zergling x2  
  42  3:40  Zergling x10  
  42  3:49  Overlord x2, Zergling x2  
  43  4:01  Hatchery, Zergling x6  
  39  4:11  Zergling x4  
  41  4:23  Zergling x6  
  41  4:24  Zergling x10  
  41  4:36  Zergling x2  
  41  4:37  Zergling x4  
Show
View Real Time Build Order
Export as new Build Order

lllllllllll Protoss 

Build Orders: 1 Gate Expand, Oracle Opening 

Get SALT Encoding   

  12  0:01  Probe (Chrono Boost)  
  13  0:11  Probe (Chrono Boost)  
  14  0:19  Pylon  
  14  0:22  Probe (Chrono Boost)  
  15  0:38  Probe (Chrono Boost), Gateway  
  16  0:43  Assimilator  
  16  0:48  Probe (Chrono Boost)  
  17  0:59  Probe (Chrono Boost)  
  18  1:09  Probe (Chrono Boost)  
  19  1:19  Nexus  
  19  1:29  Cybernetics Core  
  19  1:33  Probe (Chrono Boost)  
  19  1:38  Assimilator  
  20  1:43  Probe (Chrono Boost)  
  21  1:49  Pylon  
  22  1:54  Probe (Chrono Boost)  
  22  2:04  Probe (Chrono Boost)  
  22  2:07  Adept (Chrono Boost)  
  25  2:16  Stargate  
  25  2:17  Probe  
  27  2:30  Probe (Chrono Boost)  
  27  2:31  Probe (Chrono Boost)  
  27  2:35  Adept (Chrono Boost)  
  30  2:41  Probe (Chrono Boost)  
  30  2:43  Probe (Chrono Boost)  
  32  2:44  Warp Gate  
  32  2:52  Probe (Chrono Boost)  
  32  2:55  Probe (Chrono Boost)  
  32  2:58  Oracle (Chrono Boost)  
  34  3:02  Probe (Chrono Boost)  
  34  3:03  Zealot  
  40  3:06  Probe (Chrono Boost)  
  41  3:14  Probe (Chrono Boost)  
  41  3:17  Mothership Core (Chrono Boost)  
  41  3:18  Pylon  
  42  3:29  Pylon  
  42  3:30  Probe (Chrono Boost)  
  41  3:36  Pylon  
  41  3:39  Probe (Chrono Boost), Pylon  
  33  4:07  Pylon  
  30  4:24  Probe (Chrono Boost)  
  30  4:25  Probe (Chrono Boost)  
  24  4:49  Gateway  
Tags
 
Add a new tag
Caveats
  • Supply blocks, unpowered buildings, or Contaminate may cause inaccurate times.
  • Supply counts are checked every 10 seconds.